 Dungeon Crawl Stone Soup version 0.28.0-47-ge53b351184 (webtiles) character file.

Game seed: 11468049498541354069

7 tizbic2 the Shooter (level 1, 0/12 HPs)
             Began as a Deep Elf Hunter on Mar 29, 2022.
             Slain by a ball python (1 damage)
             ... on level 1 of the Dungeon on May 7, 2022.
             The game lasted 00:02:35 (410 turns).

tizbic2 the Shooter (Deep Elf Hunter)                Turns: 410, Time: 00:02:36

Health: 0/12       AC:  3    Str:  9    XL:     1   Next: 91%
Magic:  0/4        EV: 12    Int: 15    God:
Gold:   0          SH:  0    Dex: 15    Spells: 1/1 levels left

rFire   . . .      SeeInvis .   f - +0 whip (elec)
rCold   . . .      Faith    .   (no shield)
rNeg    . . .      Spirit   +   c - +0 leather armour
rPois   .          Reflect  .   (no helmet)
rElec   .          Harm     .   (no cloak)
rCorr   .          Rampage  .   (no gloves)
Will    .....                   (no boots)
Stlth   ++........              e - amulet of guardian spirit
HPRegen 0.04/turn               (no ring)
MPRegen 0.09/turn               (no ring)

@: no status effects
A: no striking features
a: no special abilities


You were on level 1 of the Dungeon.
You visited 1 branch of the dungeon, and saw 1 of its levels.

Inventory:

Hand Weapons
 a - a +0 dagger
 f - a +0 whip of electrocution (weapon)
 w - a +1 shortbow
Missiles
 b - 2 javelins
 d - 32 arrows
Armour
 c - a +0 leather armour (worn)
Jewellery
 e - an amulet of guardian spirit (around neck)


   Skills:
 + Level 1.7 Fighting
 * Level 5.5 Bows
 + Level 2.6 Dodging
 - Level 1.2 Stealth
 * Level 0.8 Spellcasting


You had one spell level left.
You didn't know any spells.
Your spell library was empty.

Dungeon Overview and Level Annotations

Branches:
Dungeon (1/15)

Altars:


Message History

The kobold hits you with a +0 short sword.
Unknown command.
The kobold hits you but does no damage. The kobold hits you but does no damage.
The giant cockroach bites you. The giant cockroach misses you.
The giant cockroach bites you.
* * * LOW HITPOINT WARNING * * *
Found 27 sling bullets.
The ball python barely misses you. The ball python grabs you.
The ball python constricts you.
* * * LOW HITPOINT WARNING * * *
You escape the ball python's grasp.
A kobold comes into view. It is wielding a +0 club.
Fire: 33 arrows
Press: ? - help, Q - select action, (/) - cycle Shift-Dir - straight line, f/p - ball python
Aim: a ball python (58% to hit)
You shoot an arrow. The kobold shouts!
The arrow hits the kobold.
You kill the kobold!
The kobold throws a stone.
The stone hits you but does no damage.
A giant cockroach comes into view.
The ball python barely misses you. The ball python grabs you.
The ball python constricts you.
* * * LOW HITPOINT WARNING * * *
You see here a +0 trident.
You escape the ball python's grasp.
Things that are here:
an arrow; a bat corpse
Found a scroll labelled POFAURGH REOTA.
Things that are here:
an arrow; a +0 whip of electrocution
f - a +0 whip of electrocution The ball python bites you.
* * * LOW HITPOINT WARNING * * *
The ball python barely misses you.
You hear the crackle of electricity.
f - a +0 whip of electrocution (weapon)
The ball python bites you.
You die...

######## ##......##
#........## #######
...†.)....# #.....##
## ..........###....(.
..#
..........##...#.##.#.
................#.?#.
#####
..........####.#@#
.#...... #........##
#.#S##(#......
..........#
#..#B.#....K..
..........#
#.#.##.#.....
..........#
#...B......#
..........#
##..####.#...#
..........# #.## .# .#
#........## #.# B
##......## #.# .#


You could see a giant cockroach and a ball python.

Vanquished Creatures
  An endoplasm (D:1)
  2 hobgoblins (D:1)
  2 kobolds (D:1)
  2 bats (D:1)
7 creatures vanquished.

Notes
Turn   | Place    | Note
-------+----------+-------------------------------------------
     0 | D:1      | tizbic2 the Deep Elf Hunter began the quest for the Orb.
     0 | D:1      | Reached XP level 1. HP: 12/12 MP: 3/3
   235 | D:1      | Upgraded the game from 0.28.0-43-g3370ac3207 to
                  | 0.28.0-47-ge53b351184
   410 | D:1      | Slain by a ball python

Illustrated notes

Levels and vault maps discovered:
D:1:      co_arrival_random_square_maze, layout_rooms,
          shapermc_ecumenical_altar_mp_highgroup, moated_statue,
          minmay_misc_feat_enclosed, roderic_lattice_a, minmay_small_reverse_x

Action                   || total
-------------------------++-------
 Fire: Shortbow          ||    21
Armor: Leather armour    ||     4
Dodge: Dodged            ||     8
